[Event "FIDE WCCC G12 2018"]
[Site "Santiago de Compostela"]
[Date "2018.11.10"]
[Round "6"]
[White "Munkhzul, Davaakhuu"]
[Black "Alimova, Dana"]
[Result "1/2-1/2"]
[ECO "C03"]
[WhiteElo "1781"]
[BlackElo "1628"]
[Annotator "NA RC"]
[PlyCount "154"]
[EventDate "2018.11.04"]
[EventType "swiss"]
[EventCountry "ESP"]
[SourceTitle "playchess.com"]
[Source "ChessBase"]
[SourceQuality "1"]
[TimeControl "40/5400+30:1800+30"]

1. e4 e6 2. d4 d5 3. Nd2 a6 4. c3 c5 5. Ngf3 Nc6 6. Bd3 Nf6 7. O-O Be7 8. exd5 Nxd5 9. dxc5 Bxc5 10. Ne4 Be7 11. Bb1 h6 12. Qe2 O-O 13. c4 Nb6 14. Rd1 Qc7 15. Ng3 e5 16. c5 Nd7 17. Qc2 Nf6 18. Nh5 Rd8 19. Re1 Bg4 20. Nxf6+ Bxf6 21. Nd2 Nd4 22. Qc4 Rac8 23. Ne4 Be7 24. b4 b5 25. Qf1 f5 26. Nc3 f4 27. f3 Be6 28. Kh1 Bh4 29. Rd1 Bc4 30. Bd3 Bxd3 31. Rxd3 Nc2 32. Rb1 Qf7 33. Rd2 Nd4 34. Ne4 Qh5 35. Bb2 Nf5 36. Rxd8+ Rxd8 37. Kg1 Ne3 38. Qe2 Qf5 39. Rc1 Nc4 40. a4 Qd7 41. Bc3 Qd5 42. axb5 axb5 43. g3 Bg5 44. h4 Be7 45. gxf4 Bxh4 46. fxe5 Qf7 47. Nd6 Qf4 48. Ra1 Ne3 49. Ne4 Nf5 50. e6 Be7 51. Qg2 Qe3+ 52. Kh1 h5 53. Bd2 Qd4 54. Rg1 Bf8 55. Bc3 Qd3 56. e7 Bxe7 57. Bxg7 Nh4 58. Qg3 Qxf3+ 59. Qxf3 Nxf3 60. Rg3 Rd1+ 61. Kg2 Nh4+ 62. Kh2 Nf5 63. Bc3+ Nxg3 64. Kxg3 h4+ 65. Kh2 Rd3 66. c6 Bd8 67. Be5 Re3 68. Nf6+ Kf7 69. Nd7 Rxe5 70. Nxe5+ Ke6 71. Nf3 Kd5 72. Kh3 Kc4 73. Kg4 Bb6 74. Kxh4 Kxb4 75. Nd4 Kc4 76. Nxb5 Kxb5 77. c7 Bxc7 1/2-1/2

[Event "FIDE WCCC G12 2018"]
[Site "Santiago de Compostela"]
[Date "2018.11.10"]
[Round "6"]
[White "Nurmanova, Alua"]
[Black "Mamardashvili, Ana"]
[Result "1-0"]
[ECO "B77"]
[WhiteElo "1780"]
[BlackElo "1527"]
[Annotator "NA"]
[PlyCount "89"]
[EventDate "2018.11.04"]
[EventType "swiss"]
[EventCountry "ESP"]
[SourceTitle "playchess.com"]
[Source "ChessBase"]
[SourceQuality "1"]
[TimeControl "40/5400+30:1800+30"]

1. e4 c5 2. Nf3 d6 3. d4 cxd4 4. Nxd4 Nf6 5. Nc3 g6 6. Be3 Bg7 7. f3 O-O 8. Qd2 Nc6 9. Bc4 Bd7 10. h4 h5 11. Bb3 a6 12. O-O-O Rc8 13. Nde2 Ne5 14. Bg5 Rc5 15. Nf4 b5 16. Ncd5 a5 17. Bxf6 exf6 18. Ne3 Bh6 19. Nd3 Nxd3+ 20. Qxd3 a4 21. Bd5 Qc7 22. Kb1 Bxe3 23. Qxe3 Rxc2 24. Qh6 Rxg2 25. Rd2 Rg3 26. Qf4 Rh3 27. Rxh3 Bxh3 28. Qxf6 Kh7 29. Rc2 Qd8 30. Qxd8 Rxd8 31. Bxf7 Rc8 32. Rxc8 Bxc8 33. Be8 Ba6 34. Kc2 Kg7 35. Kc3 Kf6 36. f4 Bb7 37. Kd4 Ba6 38. a3 Kg7 39. Kd5 Bb7+ 40. Bc6 Bc8 41. Kxd6 Kf7 42. Bxb5 Bg4 43. e5 g5 44. fxg5 Bf5 45. Bd7 1-0

[Event "FIDE WCCC G12 2018"]
[Site "Santiago de Compostela"]
[Date "2018.11.10"]
[Round "6"]
[White "Butenandt, Svenja"]
[Black "Wagner, Margarethe"]
[Result "0-1"]
[ECO "E14"]
[WhiteElo "1775"]
[BlackElo "1766"]
[Annotator "NA RC"]
[PlyCount "98"]
[EventDate "2018.11.04"]
[EventType "swiss"]
[EventCountry "ESP"]
[SourceTitle "playchess.com"]
[Source "ChessBase"]
[SourceQuality "1"]
[TimeControl "40/5400+30:1800+30"]

1. Nf3 Nf6 2. c4 e6 3. d4 b6 4. e3 Bb7 5. Bd3 Bb4+ 6. Bd2 Bxd2+ 7. Qxd2 d6 8. Nc3 Nbd7 9. e4 e5 10. d5 a6 11. O-O h6 12. b4 Bc8 13. Rfe1 Nh5 14. g3 g5 15. Bf1 Nf8 16. Qd1 Ng7 17. Rc1 Ng6 18. c5 Rb8 19. Qa4+ b5 20. Qa5 O-O 21. cxd6 cxd6 22. Qxd8 Rxd8 23. Nd2 f5 24. f3 fxe4 25. fxe4 Rf8 26. Nd1 Ne8 27. Nb3 Nf6 28. Na5 Ne7 29. Nf2 h5 30. Red1 Bd7 31. Rc7 Rfc8 32. Rdc1 Rxc7 33. Rxc7 Kf8 34. Be2 g4 35. Bd3 Ke8 36. Nb7 Nc8 37. Nd1 Nh7 38. Nc3 Ng5 39. Be2 Nf7 40. Kg2 Nb6 41. Nd1 Na8 42. Rxd7 Kxd7 43. Na5 Ng5 44. Nf2 Nb6 45. Nc6 Rf8 46. Na5 Na4 47. Bd3 Nc3 48. a3 Nf3 49. Bf1 Nxh2 0-1

[Event "FIDE WCCC G12 2018"]
[Site "Santiago de Compostela"]
[Date "2018.11.10"]
[Round "6"]
[White "Ivanova, Dilyana"]
[Black "Baalla, Nura"]
[Result "1/2-1/2"]
[ECO "C06"]
[WhiteElo "1775"]
[BlackElo "1565"]
[Annotator "NA"]
[PlyCount "80"]
[EventDate "2018.11.04"]
[EventType "swiss"]
[EventCountry "ESP"]
[SourceTitle "playchess.com"]
[Source "ChessBase"]
[SourceQuality "1"]
[TimeControl "40/5400+30:1800+30"]

1. e4 e6 2. d4 d5 3. Nd2 Nf6 4. e5 Nfd7 5. Bd3 c5 6. c3 Nc6 7. Ne2 cxd4 8. cxd4 f6 9. exf6 Nxf6 10. O-O Bd6 11. Nf3 Qc7 12. h3 O-O 13. Nc3 a6 14. Be3 Bd7 15. a3 Be8 16. Qc2 Bf4 17. Qd2 Nh5 18. Ng5 Bxg5 19. Bxg5 Nxd4 20. Bxh7+ Kxh7 21. Qxd4 Nf4 22. Rfe1 Rf5 23. Bxf4 Rxf4 24. Qe5 Qxe5 25. Rxe5 Bf7 26. Rd1 Rc4 27. Rd2 Kg6 28. g3 b5 29. Ne2 Rac8 30. Nd4 Kf6 31. f4 Re8 32. Kf2 Bg6 33. Ke2 Be4 34. Kf2 Rc1 35. Nb3 Rh1 36. h4 Rh2+ 37. Ke3 Rh3 38. Kf2 Rh2+ 39. Ke3 Rh3 40. Kf2 Rh2+ 1/2-1/2

[Event "FIDE WCCC G12 2018"]
[Site "Santiago de Compostela"]
[Date "2018.11.10"]
[Round "6"]
[White "Sevcikova, Lucia"]
[Black "Zhai, Pinran"]
[Result "1/2-1/2"]
[ECO "D20"]
[WhiteElo "1768"]
[BlackElo "1558"]
[Annotator "NA"]
[PlyCount "100"]
[EventDate "2018.11.04"]
[EventType "swiss"]
[EventCountry "ESP"]
[SourceTitle "playchess.com"]
[Source "ChessBase"]
[SourceQuality "1"]
[TimeControl "40/5400+30:1800+30"]

1. d4 d5 2. c4 dxc4 3. e3 Nf6 4. Bxc4 e6 5. Nc3 a6 6. Nf3 b5 7. Bd3 Bb7 8. a3 c5 9. dxc5 Bxc5 10. O-O O-O 11. Qe2 Nbd7 12. e4 e5 13. Bg5 Re8 14. Rfd1 Qb6 15. Rac1 h6 16. Bh4 Bd4 17. Bb1 Rac8 18. Qd2 Bxc3 19. Rxc3 Nf8 20. Rxc8 Rxc8 21. Nxe5 Bxe4 22. Bxe4 Nxe4 23. Qd5 Qe6 24. Qxe4 Rc4 25. Qa8 Qxe5 26. Qd8 Re4 27. h3 Qe8 28. Bg3 Kh7 29. Qd3 Ng6 30. Qd7 Re1+ 31. Kh2 Qe6 32. Qxe6 Rxe6 33. Rd2 Ne7 34. Rd7 Kg6 35. Bd6 Nf5 36. Bb4 Re2 37. Rd2 Re6 38. g4 Ne7 39. f4 f5 40. Bxe7 Rxe7 41. Rd6+ Kf7 42. Rxa6 Re2+ 43. Kg3 Rxb2 44. gxf5 b4 45. axb4 Rxb4 46. Re6 Rb3+ 47. Kg4 Rb1 48. Re3 Rg1+ 49. Kf3 Kf6 50. Kf2 Ra1 1/2-1/2

[Event "FIDE WCCC G12 2018"]
[Site "Santiago de Compostela"]
[Date "2018.11.10"]
[Round "6"]
[White "Savitha Shri B"]
[Black "Kairbekova, Amina"]
[Result "1-0"]
[ECO "C00"]
[WhiteElo "1745"]
[BlackElo "1939"]
[Annotator "NA"]
[PlyCount "81"]
[EventDate "2018.11.04"]
[EventType "swiss"]
[EventCountry "ESP"]
[SourceTitle "playchess.com"]
[Source "ChessBase"]
[SourceQuality "1"]
[TimeControl "40/5400+30:1800+30"]

1. e4 e6 2. e5 d5 3. exd6 Bxd6 4. Nf3 c5 5. b3 Nf6 6. Bb2 a6 7. a4 b6 8. g3 Bb7 9. Bg2 O-O 10. O-O b5 11. Na3 bxa4 12. bxa4 $11 Bd5 13. Qe2 Nbd7 14. Nc4 Bc7 15. Rfd1 Nb6 16. Nxb6 Bxb6 17. c4 Bb7 18. Rab1 Bxf3 19. Qxf3 Rb8 20. Be5 Bc7 21. Rxb8 Bxb8 22. Bc3 Ne8 23. Qb7 a5 24. Qb5 Bc7 25. Qxc5 Bb6 26. Qe5 Bc7 27. Qb5 Nd6 28. Qc6 Nf5 29. d4 Qb8 30. Rc1 Rc8 31. Qa6 Rd8 32. d5 Rd6 33. Qb5 Rb6 34. Qc5 Bd6 35. Qxa5 Bc7 36. Be1 Nd4 37. Rd1 Rc6 38. dxc6 Bxa5 39. Bxa5 e5 40. c7 Qc8 41. Rb1 1-0

[Event "FIDE WCCC G12 2018"]
[Site "Santiago de Compostela"]
[Date "2018.11.10"]
[Round "6"]
[White "Francisco Guecamburu, Candela Be"]
[Black "Schiopu, Oana-Magdalena"]
[Result "1-0"]
[ECO "B52"]
[WhiteElo "1725"]
[BlackElo "1526"]
[Annotator "NA RC"]
[PlyCount "109"]
[EventDate "2018.11.04"]
[EventType "swiss"]
[EventCountry "ESP"]
[SourceTitle "playchess.com"]
[Source "ChessBase"]
[SourceQuality "1"]
[TimeControl "40/5400+30:1800+30"]

1. e4 c5 2. Nf3 d6 3. Bb5+ Bd7 4. Bxd7+ Qxd7 5. c4 Nf6 6. Nc3 Nc6 7. d4 cxd4 8. Nxd4 Rc8 9. b3 a6 10. Bb2 Nxd4 11. Qxd4 e5 12. Qd3 Be7 13. O-O O-O 14. Rfd1 Ne8 15. Nd5 Rc6 16. Bc3 Bd8 17. Nb4 Rc5 18. Qe3 Bb6 19. Nd5 Rxd5 20. Qxb6 Rxd1+ 21. Rxd1 Qc6 22. Qxc6 bxc6 23. c5 dxc5 24. Bxe5 f6 25. Bd6 Nxd6 26. Rxd6 Rc8 27. Kf1 Kf8 28. Rd7 Rb8 29. Ke2 c4 30. bxc4 Rb2+ 31. Rd2 Rb4 32. Kd3 Rb1 33. Kd4 Re1 34. f3 Ke7 35. Kc5 Rc1 36. Kb4 Rb1+ 37. Kc5 Rc1 38. Rb2 h6 39. Rb7+ Kf8 40. Rb6 Rc2 41. Rxa6 Rxg2 42. a4 Rxh2 43. a5 Ra2 44. Ra8+ Ke7 45. Kb6 h5 46. Rc8 h4 47. a6 h3 48. a7 h2 49. Rh8 Kd7 50. Rxh2 Rxh2 51. a8=Q Rb2+ 52. Kc5 Rb3 53. Qxc6+ Ke7 54. f4 Rh3 55. Qc7+ 1-0

[Event "FIDE WCCC G12 2018"]
[Site "Santiago de Compostela"]
[Date "2018.11.10"]
[Round "6"]
[White "Boramanikar Tanisha S"]
[Black "Dakic, Marta"]
[Result "1/2-1/2"]
[ECO "C41"]
[WhiteElo "1716"]
[BlackElo "1756"]
[Annotator "NA"]
[PlyCount "80"]
[EventDate "2018.11.04"]
[EventType "swiss"]
[EventCountry "ESP"]
[SourceTitle "playchess.com"]
[Source "ChessBase"]
[SourceQuality "1"]
[TimeControl "40/5400+30:1800+30"]

1. e4 e5 2. Nf3 d6 3. d4 exd4 4. Nxd4 Nf6 5. Nc3 Be7 6. g3 O-O 7. Bg2 Re8 8. O-O Bf8 9. Bf4 Nbd7 10. Re1 h6 11. h4 Nc5 12. Qd2 c6 13. Rad1 Nh5 14. Be3 Nf6 15. f3 d5 16. Qf2 Ncd7 17. exd5 cxd5 18. Nb3 a6 19. Nxd5 Nxd5 20. Rxd5 Qc7 21. Red1 Nf6 22. R5d3 Bf5 23. Rc3 Qe5 24. Bf4 Qe2 25. Qxe2 Rxe2 26. Nd4 Rd8 27. Be3 Rxc2 28. Rxc2 Bxc2 29. Rc1 Bg6 30. Bf2 Nd5 31. a3 Rd6 32. f4 f6 33. Rc8 Bf7 34. Nf5 Rc6 35. Rd8 Rc1+ 36. Kh2 Rc2 37. Kg1 Rc1+ 38. Kh2 Rc2 39. Kg1 Rc1+ 40. Kh2 Rc2 1/2-1/2

[Event "FIDE WCCC G12 2018"]
[Site "Santiago de Compostela"]
[Date "2018.11.10"]
[Round "6"]
[White "Bravo Mallco, Kate Azumi"]
[Black "Kaldarova, Ayaulym"]
[Result "1/2-1/2"]
[ECO "C02"]
[WhiteElo "1698"]
[BlackElo "1526"]
[Annotator "NA RC"]
[PlyCount "147"]
[EventDate "2018.11.04"]
[EventType "swiss"]
[EventCountry "ESP"]
[SourceTitle "playchess.com"]
[Source "ChessBase"]
[SourceQuality "1"]
[TimeControl "40/5400+30:1800+30"]

1. e4 e6 2. d4 d5 3. e5 c5 4. c3 Nc6 5. Nf3 Bd7 6. a3 Nge7 7. b4 cxd4 8. cxd4 Nf5 9. Be3 b5 10. Nc3 a5 11. Nxb5 axb4 12. axb4 Bxb4+ 13. Bd2 O-O 14. Rb1 Qa5 15. Bd3 Rfb8 16. g4 Nfe7 17. O-O Rxb5 18. Bxb5 Qxb5 19. Bxb4 Nxb4 20. Qd2 Nec6 21. Rfc1 Ra3 22. Ne1 Qa4 23. Rb2 h6 24. Rcb1 Qa6 25. Rxb4 Nxb4 26. Qxb4 Ra2 27. Rb2 Ra1 28. Kg2 Rd1 29. Qc3 Qc4 30. Rb8+ Kh7 31. Qxc4 dxc4 32. Nc2 Rd2 33. Ne3 Rxd4 34. Rb4 Bc6+ 35. Kg3 Bd5 36. Ra4 Rd3 37. Ra7 Kg8 38. Rc7 Rb3 39. Rc8+ Kh7 40. h4 g5 41. hxg5 hxg5 42. Kh2 c3 43. Nd1 Bf3 44. Nxc3 Bxg4 45. Ne4 Kg6 46. Rg8+ Kf5 47. Nxg5 Bh5 48. Nh7 Bg6 49. Nf8 Rd3 50. Kg2 Rd5 51. Kg3 Rxe5 52. Nxg6 fxg6 53. Rf8+ Ke4 54. Rf4+ Kd5 55. Rg4 g5 56. Ra4 Rf5 57. f3 e5 58. Rg4 Kc5 59. Kf2 Kd5 60. Kg3 Ke6 61. Ra4 Rf4 62. Ra6+ Kf5 63. Ra8 Kg6 64. Re8 Kf6 65. Rf8+ Ke7 66. Rg8 Kf6 67. Rf8+ Kg7 68. Re8 Kf6 69. Rf8+ Ke6 70. Rg8 Rf5 71. Kg4 Rf4+ 72. Kg3 Kf6 73. Rf8+ Kg7 74. Re8 1/2-1/2

[Event "FIDE WCCC G12 2018"]
[Site "Santiago de Compostela"]
[Date "2018.11.10"]
[Round "6"]
[White "Zhou, Lepu Coco"]
[Black "Nadzamova, Viktoria"]
[Result "0-1"]
[ECO "B40"]
[WhiteElo "1617"]
[BlackElo "1923"]
[Annotator "NA RC"]
[PlyCount "123"]
[EventDate "2018.11.04"]
[EventType "swiss"]
[EventCountry "ESP"]
[SourceTitle "playchess.com"]
[Source "ChessBase"]
[SourceQuality "1"]
[TimeControl "40/5400+30:1800+30"]

1. e4 c5 2. Nf3 e6 3. c4 Nc6 4. Nc3 e5 5. d3 d6 6. Be2 g6 7. O-O Bg7 8. Be3 Nge7 9. Ne1 O-O 10. f4 f5 11. Qd2 Nd4 12. fxe5 dxe5 13. Bg5 Nxe2+ 14. Qxe2 h6 15. Bxe7 Qxe7 16. Nd5 Qd6 17. b4 cxb4 18. Rb1 a5 19. Qc2 Qc5+ 20. Qf2 Qxf2+ 21. Rxf2 Rf7 22. Nc2 Bf8 23. Rf3 Bc5+ 24. Kh1 f4 25. h3 g5 26. g4 h5 27. gxh5 g4 28. Rff1 g3 29. Kg2 Bf2 30. Ne1 f3+ 31. Nxf3 Bxh3+ 32. Kxh3 Rxf3 33. Ne7+ Kf7 34. Ng6 Kf6 35. Rbd1 Rd8 36. Nh4 Rfxd3 37. Rxd3 Rxd3 38. h6 Kf7 39. Kg2 Kg8 40. Nf3 Kh7 41. Rh1 Rd7 42. Ng5+ Kh8 43. Ne6 Re7 44. Nf8 Re8 45. Ng6+ Kh7 46. Nh4 Kxh6 47. Nf5+ Kg5 48. Nxg3 Bxg3 49. Kxg3 Rd8 50. Rf1 Rd3+ 51. Kg2 Rd2+ 52. Kg3 Rxa2 53. Rf5+ Kg6 54. Rxe5 b3 55. Rb5 a4 56. Rb6+ Kg5 57. e5 b2 58. e6 Kf6 59. Kf4 a3 60. Rxb7 Kxe6 61. c5 Ra1 62. Rb6+ 0-1

[Event "FIDE WCCC G12 2018"]
[Site "Santiago de Compostela"]
[Date "2018.11.10"]
[Round "6"]
[White "Enkhsaran, Batsaikhan"]
[Black "Omonova, Umida"]
[Result "1/2-1/2"]
[ECO "A52"]
[WhiteElo "1614"]
[BlackElo "1854"]
[Annotator "NA"]
[PlyCount "83"]
[EventDate "2018.11.04"]
[EventType "swiss"]
[EventCountry "ESP"]
[SourceTitle "playchess.com"]
[Source "ChessBase"]
[SourceQuality "1"]
[TimeControl "40/5400+30:1800+30"]

1. d4 Nf6 2. c4 e5 3. dxe5 Ng4 4. Nf3 Bc5 5. e3 Nc6 6. Bd2 Ngxe5 7. Nxe5 Nxe5 8. Bc3 Qe7 9. Be2 O-O 10. O-O $11 d6 11. Nd2 Bf5 12. Nb3 Bb6 13. Nd4 Bd7 14. Qd2 f5 15. Rae1 Rad8 16. Qc2 c5 17. Nb3 Bc6 18. f4 Be4 19. Qc1 Nd3 20. Bxd3 Bxd3 21. Rf3 Be4 22. Rg3 Rf7 23. Nd2 d5 24. cxd5 Rxd5 25. Nf3 Bxf3 26. gxf3 Qd8 27. Kh1 Rfd7 28. Reg1 g6 29. Be5 Qe8 30. Qc4 Qf7 31. e4 fxe4 32. fxe4 Rd1 33. Qe2 Rxg1+ 34. Rxg1 c4 35. Rd1 Rxd1+ 36. Qxd1 Qe6 37. Qd5 Qxd5 38. exd5 Kf7 39. Kg2 Bc5 40. Kf3 Ke7 41. Ke4 b5 42. a3 1/2-1/2

[Event "FIDE WCCC G12 2018"]
[Site "Santiago de Compostela"]
[Date "2018.11.10"]
[Round "6"]
[White "Tsirekidze, Barbare"]
[Black "Karmanova, Olga Dm."]
[Result "1-0"]
[ECO "B80"]
[WhiteElo "1611"]
[BlackElo "1819"]
[Annotator "NA"]
[PlyCount "67"]
[EventDate "2018.11.04"]
[EventType "swiss"]
[EventCountry "ESP"]
[SourceTitle "playchess.com"]
[Source "ChessBase"]
[SourceQuality "1"]
[TimeControl "40/5400+30:1800+30"]

1. e4 c5 2. Nf3 e6 3. d4 cxd4 4. Nxd4 Nf6 5. Nc3 d6 6. Bd3 Be7 7. O-O O-O 8. Be3 a6 9. f4 b5 10. a3 Bb7 $14 11. Kh1 Nbd7 12. Qe2 Rc8 13. Bg1 Qc7 14. Nd1 Rfe8 15. Nb3 Nb6 16. Nd2 Nfd7 17. Rf3 Bf6 18. c3 g6 19. Rh3 Bg7 20. Ne3 f5 21. exf5 exf5 22. Qf2 Nf6 23. Nxf5 Nbd5 24. Nxg7 Kxg7 25. f5 Qc6 26. Bf1 Nh5 27. Qd4+ Kg8 28. fxg6 hxg6 29. Qg4 Ndf4 30. Rf3 Ne6 31. Qxg6+ Neg7 32. Qf7+ Kh7 33. Bd3+ Kh8 34. Qg6 1-0

[Event "FIDE WCCC G12 2018"]
[Site "Santiago de Compostela"]
[Date "2018.11.10"]
[Round "6"]
[White "Ke, Rianne"]
[Black "Cai, Jinru"]
[Result "1-0"]
[ECO "B09"]
[WhiteElo "1600"]
[BlackElo "1578"]
[Annotator "NA"]
[PlyCount "91"]
[EventDate "2018.11.04"]
[EventType "swiss"]
[EventCountry "ESP"]
[SourceTitle "playchess.com"]
[Source "ChessBase"]
[SourceQuality "1"]
[TimeControl "40/5400+30:1800+30"]

1. e4 d6 2. d4 Nf6 3. Nc3 g6 4. f4 Bg7 5. Nf3 O-O 6. e5 Ne8 7. h4 h5 8. Be3 c6 9. Bd3 Bg4 10. Qd2 e6 11. O-O-O Nd7 12. Rdg1 Bxf3 13. gxf3 Nb6 14. Qg2 d5 15. f5 exf5 16. e6 fxe6 17. Qxg6 Qd7 18. Qxh5 Nf6 19. Qg5 Nh7 20. Qh5 Qf7 21. Rg6 Kh8 22. Bh6 Rg8 23. Rhg1 Bxh6+ 24. Qxh6 Rae8 25. f4 Nd7 26. Be2 Ndf6 27. h5 Re7 28. Rh1 b6 29. Nd1 c5 30. dxc5 bxc5 31. Nf2 Rb8 32. Rg3 Reb7 33. Nd3 Nd7 34. Rhg1 Qf6 35. Rg6 Qd4 36. R1g3 Rxb2 37. Nxb2 Qxb2+ 38. Kd2 Qd4+ 39. Rd3 Qb2 40. Ke3 c4 41. c3 Qc1+ 42. Kf2 Rg8 43. Rxg8+ Kxg8 44. Rg3+ Kf7 45. Rg7+ Kf8 46. Rg1+ 1-0

[Event "FIDE WCCC G12 2018"]
[Site "Santiago de Compostela"]
[Date "2018.11.10"]
[Round "6"]
[White "Menon, Gauri"]
[Black "Pang, Ashley"]
[Result "1-0"]
[ECO "E68"]
[WhiteElo "1592"]
[BlackElo "1604"]
[Annotator "NA"]
[PlyCount "79"]
[EventDate "2018.11.04"]
[EventType "swiss"]
[EventCountry "ESP"]
[SourceTitle "playchess.com"]
[Source "ChessBase"]
[SourceQuality "1"]
[TimeControl "40/5400+30:1800+30"]

1. Nf3 Nf6 2. g3 g6 3. Bg2 Bg7 4. d4 d6 5. c4 O-O 6. O-O Nbd7 7. Nc3 e5 8. e4 Nh5 9. d5 f5 10. Ng5 Ndf6 11. b4 h6 12. Ne6 Bxe6 13. dxe6 Qc8 14. exf5 gxf5 15. Bd5 Re8 16. e7+ Nxd5 17. Nxd5 Nf6 18. Bxh6 Nxd5 19. Qxd5+ Kh7 20. Bg5 Kg6 21. Qd2 Bf6 22. h4 Rxe7 23. Bxf6 Kxf6 24. Qh6+ Kf7 25. h5 Qg8 26. Qd2 Kf6 27. Qh6+ Kf7 28. Kg2 Re6 29. Qd2 Qg4 30. Rh1 c6 31. Rh4 Qg7 32. h6 Qg6 33. h7 Rh8 34. Rah1 Ke7 35. Rh6 Qf7 36. Rxe6+ Qxe6 37. Rh6 Qxc4 38. Qxd6+ Ke8 39. Re6+ Kf7 40. Qe7# 1-0

[Event "FIDE WCCC G12 2018"]
[Site "Santiago de Compostela"]
[Date "2018.11.10"]
[Round "6"]
[White "Oz, Irem Ezra"]
[Black "Mihelic, Vesna"]
[Result "1-0"]
[ECO "C60"]
[WhiteElo "1564"]
[BlackElo "1741"]
[Annotator "NA"]
[PlyCount "119"]
[EventDate "2018.11.04"]
[EventType "swiss"]
[EventCountry "ESP"]
[SourceTitle "playchess.com"]
[Source "ChessBase"]
[SourceQuality "1"]
[TimeControl "40/5400+30:1800+30"]

1. e4 e5 2. Nf3 Nc6 3. Bb5 g6 4. Nc3 Bg7 5. O-O Nge7 6. Nd5 O-O 7. Re1 d6 8. Nxe7+ Qxe7 9. c3 a6 10. Ba4 h6 11. h3 f5 12. d4 exd4 13. exf5 Qf6 14. Bxc6 bxc6 15. Nxd4 c5 16. Qf3 Bxf5 17. Qd5+ Kh7 18. Nxf5 Qxf5 19. Qxf5 Rxf5 20. Bd2 Raf8 21. Be3 Rb8 22. Re2 Kg8 23. Kf1 h5 24. g3 c4 25. Rae1 Rbf8 26. Kg2 Re8 27. Bd2 Rxe2 28. Rxe2 Kf7 29. f4 c5 30. Be3 Rd5 31. Kf3 Rd3 32. Rd2 Rxd2 33. Bxd2 d5 34. g4 Ke6 35. Be1 d4 36. Ke4 hxg4 37. hxg4 d3 38. b3 cxb3 39. axb3 c4 40. bxc4 a5 41. Kxd3 Kd6 42. Bd2 g5 43. f5 Bf6 44. Be3 Be7 45. Bd4 a4 46. Kc2 Kc6 47. Kb2 Kd7 48. c5 Kc6 49. c4 Kb7 50. Ka3 Kc6 51. Kxa4 Bf8 52. Kb3 Kd7 53. Kc3 Kc6 54. Kd3 Kd7 55. Ke4 Ke7 56. Kd5 Kd7 57. c6+ Kc8 58. Be5 Be7 59. Ke6 Bf8 60. f6 1-0

[Event "FIDE WCCC G12 2018"]
[Site "Santiago de Compostela"]
[Date "2018.11.10"]
[Round "6"]
[White "Jiang, Kate Yuhua"]
[Black "Wang, Ellen"]
[Result "1/2-1/2"]
[ECO "B22"]
[WhiteElo "1201"]
[BlackElo "1711"]
[Annotator "NA RC"]
[PlyCount "129"]
[EventDate "2018.11.04"]
[EventType "swiss"]
[EventCountry "ESP"]
[SourceTitle "playchess.com"]
[Source "ChessBase"]
[SourceQuality "1"]
[TimeControl "40/5400+30:1800+30"]

1. e4 c5 2. c3 d5 3. exd5 Qxd5 4. d4 Nf6 5. Nf3 Bg4 6. Be2 e6 7. Be3 cxd4 8. Bxd4 Nc6 9. O-O Be7 10. Nbd2 O-O 11. Re1 Rfd8 12. Qb3 Nxd4 13. Nxd4 Bxe2 14. Qxd5 Nxd5 15. Rxe2 Bf6 16. N2f3 Rac8 17. Rd1 Nb6 18. h3 Rd5 19. Rde1 a5 20. Re3 Nc4 21. R3e2 g6 22. b3 Na3 23. c4 Rd7 24. Nc2 Nxc2 25. Rxc2 Rcd8 26. Kf1 Kf8 27. Ke2 Ke7 28. Rb1 Bg7 29. Rd2 Rxd2+ 30. Nxd2 f5 31. Nf3 e5 32. b4 e4 33. Ne1 axb4 34. Rxb4 Rd7 35. Rb3 Kd6 36. Nc2 Kc5 37. Ne3 Bd4 38. Rb5+ Kc6 39. Nd5 Bc5 40. a4 b6 41. Rb2 Ra7 42. Ra2 Bd4 43. Rd2 Bg7 44. Ra2 Kc5 45. f3 Bd4 46. fxe4 fxe4 47. Ne3 Kb4 48. Rd2 Bxe3 49. Kxe3 Kxc4 50. Rb2 Kc5 51. Rb5+ Kc6 52. Rb4 Re7 53. Rb5 Re6 54. g4 h6 55. h4 Rf6 56. Kxe4 Rf1 57. h5 gxh5 58. Rxh5 Rf6 59. Ke5 Rd6 60. Ke4 Rg6 61. Kf4 Rd6 62. Ke4 Re6+ 63. Kf4 Rg6 64. Kf5 Rd6 65. Ke4 1/2-1/2

[Event "FIDE WCCC G12 2018"]
[Site "Santiago de Compostela"]
[Date "2018.11.11"]
[Round "7"]
[White "Van Foreest, Machteld"]
[Black "Enkhsaran, Batsaikhan"]
[Result "0-1"]
[ECO "B00"]
[WhiteElo "2003"]
[BlackElo "1614"]
[Annotator "NA RC"]
[PlyCount "58"]
[EventDate "2018.11.04"]
[EventType "swiss"]
[EventCountry "ESP"]
[SourceTitle "playchess.com"]
[Source "ChessBase"]
[SourceQuality "1"]
[TimeControl "40/5400+30:1800+30"]

1. e4 b6 2. d4 Bb7 3. Nc3 e6 4. Nf3 Nf6 5. Bd3 Bb4 {[%emt 0:00:28] LiveBook: 237 Games} 6. Qe2 h6 (6... d5 $11 7. exd5 Nxd5) 7. Bd2 {[%emt 0:02:42] B00: Queen's Fianchetto Defence, Nimzowitsch Defence} Be7 (7... d5 $11 8. e5 Bxc3 9. Bxc3 Ne4) (7... d6 8. a3 Bxc3 9. Bxc3 a5 10. Bd2 Nbd7 11. O-O c5 12. e5 Bxf3 13. Qxf3 dxe5 14. dxe5 Nxe5 {1-0 (24) Labus,V (2072)-Cecaric,M (1995) Novi Banovci 2017}) 8. h3 $146 ({Predecessor:} 8. O-O a5 9. Nd1 Na6 10. c4 Nb4 11. Bb1 d5 12. exd5 exd5 13. Bxb4 axb4 14. Re1 dxc4 15. Ne3 Ra5 16. Nxc4 Rf5 17. Bxf5 {1-0 (18) Riera Sola,L (1950)-Codina Espinasa,J (1841) Moia 2013}) 8... c5 9. dxc5 Bxc5 10. e5 Nd5 11. Ne4 d6 (11... Nb4 $142) 12. Nxc5 ({Don't take} 12. exd6 Bxd6 13. Bb5+ Kf8 $16) (12. Rd1 $16) 12... dxc5 13. Qe4 Qc7 14. Qg4 Nc6 15. Be4 ({Of course not} 15. Qxg7 O-O-O $17) 15... Nxe5 16. Qxg7 Nxf3+ 17. Bxf3 O-O-O 18. O-O-O Rdg8 19. Qxh6 Rxh6 20. Bxh6 c4 21. c3 $19 b5 22. Rd4 b4 23. Rhd1 bxc3 24. bxc3 Qc5 25. Kc2 Bc6 26. Rb1 Qa3 27. Bd2 Ba4+ 28. Rb3 cxb3+ 29. Kd3 b2 0-1

[Event "FIDE WCCC G12 2018"]
[Site "Santiago de Compostela"]
[Date "2018.11.11"]
[Round "7"]
[White "Kairbekova, Amina"]
[Black "Zvereva, Margarita"]
[Result "1/2-1/2"]
[ECO "B92"]
[WhiteElo "1939"]
[BlackElo "1787"]
[Annotator "NA RC"]
[PlyCount "99"]
[EventDate "2018.11.04"]
[EventType "swiss"]
[EventCountry "ESP"]
[SourceTitle "playchess.com"]
[Source "ChessBase"]
[SourceQuality "1"]
[TimeControl "40/5400+30:1800+30"]

1. e4 c5 2. Nf3 d6 3. d4 cxd4 4. Nxd4 Nf6 5. Nc3 a6 6. Be2 e5 7. Nb3 Be7 8. O-O O-O 9. Kh1 Nbd7 10. f4 {[%emt 0:02:13] B92: Sicilian Najdorf: 6 Be2} (10. a4 b6 11. Be3 Bb7 12. f3 Rc8 13. Rf2 Rc7 14. Bf1 Qa8 15. Rd2 Rfc8 16. Nc1 Rxc3 17. bxc3 d5 18. Na2 Nc5 {½-½ (18) Azarov,S (2601)-Zilka,S (2479) Czechia 2011}) 10... b5 {[%emt 0:03:03] LiveBook: 6 Games} 11. Bf3 Bb7 12. Re1 b4 $146 ({Predecessor:} 12... Rc8 13. a4 b4 14. Na2 Nc5 15. Nxc5 dxc5 16. Qxd8 Rfxd8 17. fxe5 Nxe4 {0-1 (44) Ruiz Aguilar,P (2278)-Vivas Zamora,F (2283) San Pedro del Rio 2018}) 13. Nd5 Nxd5 14. exd5 a5 15. fxe5 Nxe5 16. Nd4 Nxf3 17. Qxf3 Bf6 18. Nf5 Bc8 19. Ng3 Be5 20. c3 bxc3 21. bxc3 Qc7 22. Bf4 f6 23. Ne4 Bb7 24. Bxe5 fxe5 25. Qd3 h6 26. Re3 $2 (26. c4 $11) 26... Ba6 27. Qd2 Qc4 (27... Bc4 $17 28. Rb1 a4) 28. h3 Rad8 29. Kh2 Rf4 30. Nf2 (30. Rae1 $17) 30... Rdf8 31. Nh1 Bb7 (31... a4 $19 32. Rae1 a3) 32. Rd1 Rf1 33. Rxf1 Rxf1 34. Ng3 Rf8 35. Rd3 Ba6 36. Rf3 Rxf3 37. gxf3 Bc8 (37... Qc8 $17 38. a3 Qa8) 38. Ne4 Qf1 39. Qg2 Qa6 40. Qg6 Qe2+ 41. Kg3 Qe1+ 42. Kg2 Qe2+ 43. Nf2 {[%emt 0:18:08] [#]} Bxh3+ $1 44. Kg3 Qe1 45. Kxh3 Qxf2 46. Qe6+ Kh7 47. Qf5+ Kg8 48. Qc8+ Kh7 49. Qf5+ $11 Kg8 50. Qe6+ 1/2-1/2